AoeStats
← Gonorrea de mamut

Glade

510630561Analyzed
1v1 RM · 21h ago on Oct 1, 2026· 45m 59s· 2 players
Game mode
Random Map
Map size
Tiny (2 player)
Population
200
Speed
Normal
Resources
Standard
Victory
Conquest
Starting age
Dark Age
Ending age
Imperial Age
RankedLock teamsTeams togetherTeam positionsShared explorationLock speedFull tech treeHidden civsTurbo modeCheats
Victory
Defeat
🇨🇳 Hindustanis · China
486
+18
🇧🇴 Lithuanians · Bolivia
526
-29
Sergeant Mybikini
13:22 Feudal Age
13:55 Loom
17:38 Gold Mining
17:35 Double-Bit Axe
22:06 Castle Age
20:20 Stone Mining
24:15 Bow Saw
27:33 Ballistics
29:04 Gold Shaft Mining
31:14 Imperial Age
32:29 Stone Shaft Mining
33:04 Fletching
34:10 Wheelbarrow
33:49 Forging
33:44 Bodkin Arrow
36:04 Iron Casting
35:54 Pikeman
37:19 Hand Cart
37:25 Hand Cart
38:19 Horse Collar
38:29 Town Watch
40:01 Pikeman
42:08 Two-Man Saw
43:01 Bracer
44:02 Blast Furnace
43:03 Scale Mail Armor
43:14 Squires
Gonorrea de mamut
0:29 Loom
12:13 Feudal Age
12:35 Horse Collar
13:59 Wheelbarrow
13:14 Double-Bit Axe
15:17 Gold Mining
20:28 Castle Age
18:32 Stone Mining
19:51 Forging
19:49 Scale Barding Armor
21:58 Chain Barding Armor
23:22 Hand Cart
23:46 Iron Casting
23:23 Bloodlines
23:14 Husbandry
22:52 Light Cavalry
23:34 Husbandry
23:57 Heavy Plow
24:30 Bow Saw
25:46 Fletching
28:31 Sanctity
28:20 Bodkin Arrow
32:08 Town Watch
37:05 Hill Forts
39:43 Imperial Age
37:17 Town Patrol
40:47 Winged Hussar
43:36 Plate Barding Armor
Connection lost

Rejoining the realm…

Still unreachable

The connection could not be restored.

Session expired

The server has moved on; the page needs a fresh start.